 Dungeon Crawl Stone Soup version 0.28-a0-1613-gdaab1c2f9b (webtiles) character file.

Game seed: 16840409773600365563

148 a3don the Ruffian (level 5, 0/49 HPs)
             Began as a Troll Earth Elementalist on Jan 22, 2022.
             Slain by a steam dragon (2 damage)
             ... on level 3 of the Dungeon.
             The game lasted 00:04:57 (2242 turns).

a3don the Ruffian (Troll Earth Elementalist)        Turns: 2242, Time: 00:04:57

Health: 0/49       AC:  4    Str: 16    XL:     5   Next: 8%
Magic:  0/5        EV: 10    Int: 19    God:
Gold:   140        SH:  0    Dex: 10    Spells: 3/6 levels left

rFire   . . .      SeeInvis .     - Unarmed
rCold   . . .      Faith    .   (no shield)
rNeg    . . .      Spirit   .   b - +0 robe
rPois   .          Reflect  .   (helmet restricted)
rElec   .          Harm     .   (no cloak)
rCorr   .          Rampage  .   (gloves unavailable)
Will    .....                   (boots unavailable)
Stlth   +.........              (no amulet)
HPRegen 0.96/turn               f - ring of wizardry
MPRegen 0.09/turn               n - +6 ring of intelligence

@: very slightly contaminated
A: large, unfitting armour, claws 3, regeneration 1, shaggy fur 1, tough skin 1
a: no special abilities


You were on level 3 of the Dungeon.
You visited 1 branch of the dungeon, and saw 3 of its levels.

You collected 140 gold pieces.

Inventory:

Hand Weapons
 j - a +2 dagger of speed
Missiles
 a - 64 sling bullets
 c - 101 stones
 g - 14 poisoned darts
Armour
 b - a +0 robe (worn)
Jewellery
 f - a ring of wizardry (left claw)
 n - a +6 ring of intelligence (right claw)
 r - a +4 ring of evasion
Scrolls
 d - a scroll of enchant weapon {unknown}
 e - 2 scrolls of teleportation {unknown}
 h - a scroll of fog {unknown}
 i - 2 scrolls of holy word {unknown}
 l - 3 scrolls of identify {unknown}
 m - a scroll of vulnerability {unknown}
 o - a scroll of noise {unknown}
 s - a scroll of fear {unknown}
Potions
 k - a potion of magic {unknown}
 p - 2 potions of mutation {unknown}
 q - a potion of curing {unknown}


   Skills:
 + Level 1.7 Fighting
 + Level 2.5 Dodging
 - Level 1.0 Stealth
 + Level 3.2 Unarmed Combat
 + Level 1.3 Spellcasting
 - Level 0.6 Transmutations
 + Level 2.7 Earth Magic


You had 3 spell levels left.
You knew the following spells:

 Your Spells              Type           Power      Damage    Failure   Level
a - Sandblast             Erth           22%        2d7       2%          1
b - Passwall              Tmut/Erth      5%         N/A       6%          2

Your spell library contained the following spells:

 Spells                   Type           Power      Damage    Failure   Level
 Animate Skeleton         Necr           2%         N/A       8%          1
 Poisonous Vapours        Pois/Air       2%         N/A       12%         2
 Stone Arrow              Conj/Erth      12%        3d7       12%         3
 Petrify                  Tmut/Erth      7%         N/A       32%         4
 Freezing Cloud           Conj/Ice/Air   0%         6-21      87%         5
 Maxwell's Capacitive Co  Air            0%         ∞         100%        8


Dungeon Overview and Level Annotations

Branches:
Dungeon (3/15)

Altars:
Qazlal

Shops:
D:2 (


Innate Abilities, Weirdness & Mutations

You are too large for most types of armour.
You have claws for hands.
Your natural rate of healing is unusually fast.
You are covered in fur. (AC +1)
You have tough skin. (AC +1)


Message History

You are too injured to fight recklessly!
You are too injured to fight recklessly!
Cast which spell? (? or * to list)
Aiming: Sandblast (safe; 2% risk of failure)
Press: ? - help, Shift-Dir - straight line, f - steam dragon
Aim: a steam dragon (steam, moderately wounded, catching its breath, 79% to hit)
You miscast Sandblast.
You are very lightly contaminated with residual magic.
Nothing appears to happen.
You are engulfed in a cloud of scalding steam.
The steam dragon bites you!
* * * LOW HITPOINT WARNING * * *
The steam dragon claws you.
* * * LOW HITPOINT WARNING * * *
Casting: Sandblast (safe; 2% risk of failure)
Confirm with . or Enter, or press ? or * to list all spells.
Aiming: Sandblast (safe; 2% risk of failure)
Press: ? - help, Shift-Dir - straight line, f/p - steam dragon
Aim: a steam dragon (moderately wounded, catching its breath, 79% to hit)
The blast of sand hits the steam dragon!
The steam dragon is heavily wounded.
You are engulfed in a cloud of scalding steam.
* * * LOW HITPOINT WARNING * * *
The steam dragon bites you but does no damage.
The steam dragon claws you.
* * * LOW HITPOINT WARNING * * *
Casting: Sandblast (safe; 2% risk of failure)
Confirm with . or Enter, or press ? or * to list all spells.
Aiming: Sandblast (safe; 2% risk of failure)
Press: ? - help, Shift-Dir - straight line, f/p - steam dragon
Aim: a steam dragon (heavily wounded, 79% to hit)
The blast of sand misses the steam dragon.
The steam dragon closely misses you. The steam dragon barely misses you.
Casting: Sandblast (safe; 2% risk of failure)
Confirm with . or Enter, or press ? or * to list all spells.
Aiming: Passwall (safe; 6% risk of failure)
Press: ? - help, Dir - move target, p - steam dragon A rock wall.
You miscast Passwall.
Nothing appears to happen.
The steam dragon bites you.
You die...

.# #.#.# #.#
#.###.###.## .# #.#.#
#.# #........... .#
#.#.# #.# #####.##.##.
.# #.#.# #.# #.##.##.
.# #.#.# #.# #.##.##.
.# #.#.# #.# ##
#....... .# #.#.## #.#
#.# ##......
.#####....######D# ##
#.##.......
...............#@#
#.###.........
#######.>.####.#§#
#.#.##....[.. ##.##
##.#.#####.####..[..#
#.# #..........#
##...## #.#
#...#.#.#### ##.##
###.####...#...########
.#
#........#####.........
.#
#.######...#...########
#.# #.#.#.#.#


You could see a steam dragon.

Vanquished Creatures
  An orc wizard (D:3)
  Terence (D:2)
  A howler monkey zombie (D:3)
  3 adders
  A dart slug (D:2)
  4 orcs (D:3)
  2 endoplasms
  3 giant cockroaches
  4 goblins
  A hobgoblin (D:1)
  2 jackals (D:2)
  6 kobolds
  2 quokkas
  4 ball pythons
  11 bats
  4 frilled lizards
  6 rats (D:2)
56 creatures vanquished.

Vanquished Creatures (others)
  A fungus (D:2)
  A plant (D:2)
2 creatures vanquished.

Grand Total: 58 creatures vanquished

Notes
Turn   | Place    | Note
-------+----------+-------------------------------------------
     0 | D:1      | a3don the Troll Earth Elementalist began the quest for the
                  | Orb.
     0 | D:1      | Reached XP level 1. HP: 16/16 MP: 1/1
   555 | D:1      | Reached skill level 1 in Unarmed Combat
   597 | D:1      | Reached XP level 2. HP: 25/26 MP: 2/2
   900 | D:2      | Found a faded altar of an unknown god.
   934 | D:2      | Found Zeuj's Weapon Boutique.
  1003 | D:2      | Reached XP level 3. HP: 29/32 MP: 3/3
  1012 | D:2      | Reached skill level 2 in Unarmed Combat
  1053 | D:2      | Reached skill level 1 in Fighting
  1132 | D:2      | Noticed Terence
  1138 | D:2      | Killed Terence
  1260 | D:2      | Reached XP level 4. HP: 41/41 MP: 4/4
  1491 | D:3      | Reached skill level 3 in Unarmed Combat
  1580 | D:3      | Found a stormy altar of Qazlal.
  1689 | D:3      | Learned a level 2 spell: Passwall
  1969 | D:3      | Reached XP level 5. HP: 47/48 MP: 5/5
  2033 | D:3      | Got the Compendium of Feathery Unholy Arts
  2228 | D:3      | Noticed a steam dragon
  2240 | D:3      | HP: 2/49 [steam dragon] (7)]
  2242 | D:3      | Slain by a steam dragon

Illustrated notes

Levels and vault maps discovered:
D:1:      evilmike_arrival_plus, layout_basic, st_stairs_3
D:2:      minmay_diamond_boxcup, layout_loops_ring, serial_shops,
          nicolae_shop_bloodbath_and_beyond,
          shapermc_ecumenical_altar_acropolis, minmay_pentomino_u4, uniq_terence
D:3:      minmay_wonky_spiral, layout_loops_ring, mainiacjoe_overflow_brackets,
          minmay_misc_feat_diagonals

Skill      XL: |  1  2  3  4 |
---------------+-------------+-----
Unarmed Combat | 1 2 3 |  3.2
Dodging        | 2 |  2.5
Fighting       | 1 |  1.7
Stealth        | |  1.0
Spellcasting   | |  1.3
Transmutations | |  0.6
Earth Magic    | |  2.7

Action                   |  1- 3 |  4- 6 || total
-------------------------+-------+-------++-------
Melee: Unarmed           |    82 |    73 ||   155
       Punch             |     1 |       ||     1
 Cast: Sandblast         |       |     8 ||     8
 Stab: Sleeping          |     2 |     1 ||     3
Armor: Robe              |    27 |    31 ||    58
Dodge: Dodged            |    53 |    32 ||    85

Table legend: (Time is in decaauts)
 A = Elapsed time spent in this place.
 B = Non-inter-level travel time spent in this place.
 C = Inter-level travel time spent in this place.
 D = Time resting spent in this place.
 E = Time spent auto-exploring this place.
 F = Levels seen in this place.
 G = Mean time per level.
                   A        B        C        D        E       F      G
               +--------+--------+--------+--------+--------+-----+--------+
         Total |   2234 |   2170 |     64 |    120 |   1647 |   3 |  744.7 |
       Dungeon |   2234 |   2170 |     64 |    120 |   1647 |   3 |  744.7 |
               +--------+--------+--------+--------+--------+-----+--------+

Top non-repeatable levels by time:
     D:3: 927 daAuts
     D:2: 656 daAuts
     D:1: 650 daAuts
